 Dungeon Crawl Stone Soup version 0.19.3-1-g3169bf9 (webtiles) character file.

2129 Messajah the Cleaver (level 9, -4/80 HPs)
             Began as a Minotaur Fighter on Jan 24, 2017.
             Slain by a killer bee (7 damage)
             ... on level 7 of the Dungeon.
             The game lasted 00:26:04 (7389 turns).

Messajah the Cleaver (Minotaur Fighter)             Turns: 7389, Time: 00:26:05

Health: -4/80      AC: 11    Str: 20    XL:     9   Next: 8%
Magic:  8/8        EV:  6    Int:  5    God:
Gold:   348        SH:  0    Dex: 14    Spells: 0 memorised, 8 levels left

rFire  . . .     SeeInvis .     d - +3 battleaxe (curse)
rCold  . . .     Gourm    .     k - +0 plate armour
rNeg   . . .     Faith    .     (shield currently unavailable)
rPois  .         Spirit   .     (helmet restricted)
rElec  .         Reflect  .     (no cloak)
rCorr  .         Harm     .     (no gloves)
MR     .....                    (no boots)
Stlth  ..........               (no amulet)
                                (no ring)
                                (no ring)

@: lethally poisoned (-4 -> -24)
A: retaliatory headbutt, horns 2
a: no special abilities


You were on level 7 of the Dungeon.
You were not hungry.

You visited 1 branch of the dungeon, and saw 7 of its levels.
You also visited: Ossuary.

You collected 348 gold pieces.

Inventory:

Hand Weapons
 d - a cursed +3 battleaxe (weapon)
 v - a +3 battleaxe
 A - a +0 broad axe
Missiles
 b - 5 steel javelins (quivered)
 u - 5 javelins of returning
Armour
 k - a +0 plate armour (worn)
 x - a +0 chain mail of poison resistance
Jewellery
 r - an uncursed amulet of harm
Wands
 f - a wand of acid (7/15)
Scrolls
 c - 5 scrolls of teleportation {unknown}
 h - 12 scrolls of identify {unknown}
 l - 5 scrolls of remove curse {unknown}
 m - a scroll of enchant armour {unknown}
 o - 3 scrolls of random uselessness {unknown}
 q - a scroll of fog {unknown}
 s - 3 scrolls of amnesia {unknown}
 t - a scroll of noise {unknown}
 B - 2 scrolls of enchant weapon {unknown}
Potions
 a - a potion of mutation {unknown}
 e - 2 potions of flight {unknown}
 g - 3 potions of cure mutation {unknown}
 i - 2 potions of agility {unknown}
 j - 5 potions of curing {unknown}
 n - 3 potions of heal wounds {unknown}
 p - a potion of lignification {unknown}
 z - a potion of might
 C - a potion of brilliance {unknown}
Books
 y - a book of Cantrips

   Spells                             Type                      Level
   a - Confusing Touch                Hexes                        1
   b - Animate Skeleton               Necromancy                   1
   c - Summon Small Mammal            Summoning                    1
   d - Apportation                    Translocation                1
Comestibles
 w - 3 bread rations


   Skills:
 * Level 7.7 Fighting
 + Level 12.4 Axes
 - Level 3.6 Armour
   Level 3.6 Shields


You had 8 spell levels left.
You didn't know any spells.

Dungeon Overview and Level Annotations

Branches:
Dungeon (7/15)
 Temple: D:4-7

Altars:
Gozag
Makhleb
Ru
Vehumet
Xom
Zin

Shops:
D:5 *


Innate Abilities, Weirdness & Mutations

You reflexively headbutt those who attack you in melee.
You have a pair of horns on your head.


Message History

You slice the killer bee!!
You kill the killer bee!
You closely miss the killer bee.
* * * LOW HITPOINT WARNING * * *
You feel sick. The killer bee barely misses you.
The killer bee stings you but does no damage.
The hound bites you.
* * * LOW HITPOINT WARNING * * *
Okay, then.
You hit the hound but do no damage. You slash the killer bee!
* * * LOW HITPOINT WARNING * * *
You feel very sick. The killer bee stings you.
* * * LOW HITPOINT WARNING * * *
The killer bee barely misses you. The hound bites you.
* * * LOW HITPOINT WARNING * * *
You barely miss the hound. You closely miss the killer bee.
* * * LOW HITPOINT WARNING * * *
You feel sick. The killer bee stings you!
You die...

#..# #... .
#####..# ##..
$.....#...
#....#.##..
#.......... #....#
###h## #@#####.#
#.y.....# .#
##'####### #.#
##...## #.#
##.....## ##.#
##.......## ##..#
#......[..####...##
+.........'.......#
#.........####...##


You could see a hound and a killer bee.

Vanquished Creatures
  The ghost of dscm the Sneak, an amateur OpEE of Uskayaw (D:4)
  2 wraiths (Ossuary)
  A black bear (D:6)
  4 ogres
  A centaur (D:6)
  A bullfrog (D:6)
  A water moccasin zombie (D:7)
  A wyvern skeleton (D:6)
  A scorpion (D:5)
  2 killer bees (D:7)
  3 wights (Ossuary)
  A crimson imp (D:5)
  2 bullfrog zombies (D:4)
  A hound (D:4)
  2 orc priests
  2 bullfrog skeletons
  2 iguanas
  2 orc wizards
  3 worker ants
  The ghost of dscm the Sneak, a weakling OpEE (D:3)
  A hound skeleton (D:5)
  Robin (D:2)
  A worker ant zombie (D:5)
  7 gnolls (D:3)
  5 adders
  An adder zombie (D:6)
  An adder skeleton (D:5)
  4 worms
  4 dart slugs
  6 leopard geckos
  13 orcs
  A ball python (D:2)
  3 giant cockroaches
  12 goblins
  15 hobgoblins
  12 jackals
  4 kobolds
  3 quokkas
  A ball python skeleton (Ossuary)
  9 bats
  2 frilled lizards
  A hobgoblin skeleton (Ossuary)
  2 hobgoblin zombies (Ossuary)
  A leopard gecko skeleton (D:4)
  An orc skeleton (Ossuary)
  4 orc zombies (Ossuary)
  11 rats
160 creatures vanquished.

Notes
Turn   | Place    | Note
-------+----------+-------------------------------------------
     0 | D:1      | Messajah the Minotaur Fighter began the quest for the Orb.
     0 | D:1      | Reached XP level 1. HP: 19/19 MP: 0/0
    33 | D:1      | Reached skill level 3 in Axes
    59 | D:1      | Reached XP level 2. HP: 25/26 MP: 1/1
   238 | D:1      | Reached skill level 4 in Axes
   367 | D:1      | Reached XP level 3. HP: 31/31 MP: 2/2
   971 | D:2      | Found an opulent altar of Gozag.
  1014 | D:2      | Noticed Robin
  1316 | D:3      | Reached skill level 5 in Axes
  1357 | D:3      | Noticed dscm's ghost (weakling OpEE)
  1368 | D:3      | Killed dscm's ghost
  1368 | D:3      | Reached XP level 4. HP: 39/39 MP: 3/3
  1513 | D:3      | Reached skill level 6 in Axes
  1816 | D:3      | Reached XP level 5. HP: 36/45 MP: 4/4
  1832 | D:3      | Noticed an angel
  1875 | D:3      | Found a burning altar of Makhleb.
  2015 | D:3      | Reached skill level 7 in Axes
  2218 | D:2      | Killed Robin
  3009 | D:3      | Reached XP level 6. HP: 51/51 MP: 5/5
  3073 | D:3      | Found a glowing silver altar of Zin.
  3077 | D:3      | Found a shimmering altar of Xom.
  3241 | D:4      | Noticed dscm's ghost (amateur OpEE)
  3249 | D:4      | Killed dscm's ghost
  3249 | D:4      | Reached skill level 9 in Axes
  3319 | D:4      | Found a sand-covered staircase.
  3397 | D:4      | Reached XP level 7. HP: 47/57 MP: 6/6
  3466 | Ossuary  | Entered an ossuary
  3671 | Ossuary  | Noticed a wraith
  3671 | Ossuary  | Noticed a flying skull
  3678 | Ossuary  | Noticed a flying skull
  3822 | Ossuary  | Noticed a flying skull
  3825 | Ossuary  | Noticed a wraith
  3833 | Ossuary  | Killed a wraith
  3833 | Ossuary  | Reached skill level 10 in Axes
  3967 | Ossuary  | Noticed a flying skull
  3997 | Ossuary  | Noticed a wraith
  4007 | Ossuary  | Killed a wraith
  4200 | Ossuary  | Reached skill level 11 in Axes
  4300 | D:4      | Reached XP level 8. HP: 61/64 MP: 7/7
  4858 | D:5      | Entered Level 5 of the Dungeon
  5223 | D:5      | Found Qeabo's Elemental Accessories.
  5241 | D:5      | Reached skill level 5 in Fighting
  5259 | D:5      | Found a radiant altar of Vehumet.
  5629 | D:5      | Reached skill level 12 in Axes
  6584 | D:6      | Found a faded altar of an unknown god.
  6584 | D:6      | Found a faded altar of an unknown god.
  6591 | D:6      | Found a faded altar of an unknown god.
  6593 | D:6      | Found a sacrificial altar of Ru.
  6594 | D:6      | Found a faded altar of an unknown god.
  6852 | D:6      | Reached XP level 9. HP: 79/79 MP: 8/8
  7389 | D:7      | HP: 3/80 [poisoned by a killer bee]
  7389 | D:7      | Slain by a killer bee

Skill      XL: |  1  2  3  4  5  6  7  8 |
---------------+-------------------------+-----
Axes           | 3 4 5 6 7 9 11 12 | 12.4
Fighting       | 7 |  7.7
Armour         | |  3.6
Shields        | |  3.6

Action                   |  1- 3 |  4- 6 |  7- 9 || total
-------------------------+-------+-------+-------++-------
Melee: War axe           |    79 |   152 |    23 ||   254
       Headbutt          |    14 |    21 |    23 ||    58
       Battleaxe         |       |       |   111 ||   111
  Use: Potion            |       |     1 |       ||     1
  Eat: Chunk             |     1 |     7 |     8 ||    16
       Bread ration      |       |       |     1 ||     1
Armor: Scale mail        |    22 |       |       ||    22
       Plate armour      |    34 |   101 |    88 ||   223
Dodge: Dodged            |    38 |    54 |    37 ||   129
